 Dungeon Crawl Stone Soup version 0.20.1-1-g8b1a95d (webtiles) character file.

95 digijack the Skirmisher (level 4, -2/44 HPs)
             Began as a Naga Abyssal Knight on Dec 9, 2017.
             Was a Believer of Lugonu.
             Slain by a gnoll
             ... wielding a +0 spear
              (9 damage)
             ... on level 2 of the Dungeon on Dec 10, 2017.
             The game lasted 00:09:22 (2014 turns).

digijack the Skirmisher (Naga Abyssal Knight)       Turns: 2014, Time: 00:09:23

Health: -2/44      AC:  4    Str: 14    XL:     4   Next: 66%
Magic:  5/5        EV:  9    Int: 12    God:    Lugonu [**....]
Gold:   31         SH:  0    Dex: 12    Spells: 3/3 levels left

rFire    . . .     SeeInvis +   a - +1 falchion
rCold    . . .     Gourm    .   (no shield)
rNeg     . . .     Faith    .   b - +0 leather armour
rPois    +         Spirit   .   (no helmet)
rElec    .         Reflect  .   h - scarf {cloud immunity}
rCorr    .         Harm     .   i - +0 pair of gloves
MR       .....                  (no barding)
Stlth    ++........             (no amulet)
Regen    0.2/turn               f - ring of see invisible
MPRegen  0.1/turn               (no ring)

@: very slow
A: see invisible, deformed body, low mp 1, poison resistance, slowness 2, slow
metabolism 1, spit poison 1, AC +1
a: Spit Poison, Depart the Abyss, Bend Space, Renounce Religion


You were on level 2 of the Dungeon.
You worshipped Lugonu.
Lugonu was pleased with you.
You were not hungry.

You visited 1 branch of the dungeon, and saw 2 of its levels.
You visited the Abyss 1 time.

You collected 31 gold pieces.

Inventory:

Hand Weapons
 a - a +1 falchion (weapon)
Armour
 b - a +0 leather armour (worn)
 e - a +0 cloak
 h - a scarf of cloud immunity (worn)
 i - a +0 pair of gloves (worn)
Jewellery
 f - a ring of see invisible (left hand)
Scrolls
 d - a scroll of identify
Potions
 k - a potion of curing
Comestibles
 c - 2 bread rations
 g - 4 fruits
 j - 6 chunks of flesh


   Skills:
 + Level 3.9 Fighting
 + Level 2.8 Long Blades
 - Level 1.5 Armour
 + Level 1.5 Dodging
 + Level 2.2 Stealth
 + Level 2.4 Invocations


You had 3 spell levels left.
You didn't know any spells.

Dungeon Overview and Level Annotations

Branches:
Dungeon (2/15)

Altars:


Innate Abilities, Weirdness & Mutations

You cannot wear boots.
Your serpentine skin is tough. (AC +1)
You have supernaturally acute eyesight. (SInv)
Armour fits poorly on your strangely shaped body.
Your system is resistant to poisons. (rPois)
You cover ground very slowly.
You have a slow metabolism.
You can spit poison.
Your magical capacity is low. (-10% MP)


Message History

A gnoll comes into view. It is wielding a whip.
The gnoll shouts!
You hit the gnoll.
The gnoll is moderately wounded.
You have got your breath back.
The gnoll hits you.
The gnoll hits you from afar with a spear.
The gnoll hits you.
You hit the gnoll.
The gnoll is heavily wounded.
The gnoll looks more healthy.
The gnoll barely misses you. The gnoll hits you.
* * * LOW HITPOINT WARNING * * *
The gnoll hits you from afar with a spear.
* * * LOW HITPOINT WARNING * * *
You hit the gnoll.
The gnoll is almost dead.
The gnoll hits you.
* * * LOW HITPOINT WARNING * * *
The gnoll hits you from afar with a spear!
You die...

### ..# ##.## .#
##...## .#
#...#.####..g..## .#
#............gg.##
.###...#.##.....@...#
.#.....#(...........#
...#..#
###.........####
......#
##............
...##.###
##.....#.####
........# ##...##.#
##.####.######)####.#
#.# #.............#
#.# #.######.######


You could see 3 gnolls.

Vanquished Creatures
  A gnoll (D:2)
  5 adders (D:2)
  A worm (D:2)
  A dart slug (D:2)
  3 leopard geckos
  3 giant cockroaches
  10 goblins
  2 hobgoblins (D:1)
  A ball python (D:1)
  2 bats (D:1)
  2 frilled lizards
  3 kobolds (D:1)
  4 rats
38 creatures vanquished.

Notes
Turn   | Place    | Note
-------+----------+-------------------------------------------
     0 | Abyss:1  | digijack the Naga Abyssal Knight began the quest for the Orb.
     0 | Abyss:1  | Reached XP level 1. HP: 21/21 MP: 2/2
    10 | D:1      | Escaped the Abyss
   368 | D:1      | Reached skill level 1 in Dodging
   386 | D:1      | Reached XP level 2. HP: 27/28 MP: 3/3
   526 | D:1      | Gained mutation: Your magical capacity is low. (-10% MP) [potion of mutation]
   816 | D:1      | Reached skill level 1 in Stealth
  1032 | D:1      | Reached XP level 3. HP: 34/34 MP: 4/4
  1155 | D:2      | Reached ** piety under Lugonu
  1831 | D:2      | Reached XP level 4. HP: 44/44 MP: 5/5
  2014 | D:2      | Slain by a gnoll

Skill      XL: |  1  2  3  4 |
---------------+-------------+-----
Dodging        | 1 |  1.5
Stealth        | 1 2 |  2.2
Fighting       | |  3.9
Long Blades    | |  2.8
Armour         | |  1.5
Invocations    | |  2.4

Action                   |  1- 3 |  4- 6 || total
-------------------------+-------+-------++-------
Melee: Falchion          |    86 |    28 ||   114
 Abil: Spit Poison       |     1 |     2 ||     3
  Use: Scroll            |     3 |       ||     3
       Potion            |     5 |       ||     5
 Stab: Sleeping          |     7 |     1 ||     8
  Eat: Chunk             |     2 |       ||     2
Armor: Leather armour    |    19 |     6 ||    25
Dodge: Dodged            |    42 |    16 ||    58
       Rpst.: Falchion   |    19 |     5 ||    24
